Map: Kairos Junction LE

Players

ShaDoWn - Winner!

  • Race: Protoss Protoss
  • Spawn Location: 11:00

SouLeer

  • Race: Zerg Zerg
  • Spawn Location: 5:00

Event: 2019 WCS Summer

VOD

Have the link to the VOD?

Description

Time

  • Played on: July 12, 2019, 11:54 a.m.
  • Length: 9:39

All games in this series

Show
View Real Time Build Order
Export as new Build Order

ShaDoWn Protoss - Winner!

Build Orders: 1 Gate Expand, Archon Immortal 

Get SALT Encoding   

  12  0:00  Probe  
  13  0:12  Probe  
  14  0:19  Pylon  
  14  0:24  Probe  
  15  0:33  Probe  
  15  0:40  Gateway  
  15  0:41  Probe  
  17  0:51  Probe  
  17  0:54  Assimilator  
  18  1:03  Probe  
  19  1:15  Probe  
  20  1:26  Nexus  
  20  1:35  Cybernetics Core  
  20  1:38  Probe  
  21  1:43  Assimilator  
  21  1:50  Probe  
  21  1:53  Pylon  
  22  2:02  Probe  
  22  2:03  Sentry  
  23  2:14  Probe  
  26  2:17  Warp Gate  
  26  2:26  Probe  
  26  2:28  Stalker  
  29  2:34  Probe x2  
  29  2:42  Probe  
  29  2:43  Probe  
  31  2:45  Shield Battery  
  33  2:52  Probe x2  
  33  2:55  Stalker  
  36  3:06  Shield Battery  
  36  3:07  Probe  
  37  3:14  Pylon  
  37  3:19  Probe  
  36  3:21  Shield Battery, Sentry  
  36  3:24  Probe  
  39  3:29  Shield Battery  
  39  3:31  Probe  
  39  3:37  Probe, Robotics Facility  
  39  3:40  Probe  
  40  3:48  Probe  
  40  3:49  Probe  
  42  3:57  Probe  
  42  4:01  Probe  
  43  4:04  Phoenix  
  43  4:08  Sentry  
  43  4:09  Probe  
  45  4:13  Probe  
  45  4:20  Forge  
  45  4:21  Twilight Council  
  45  4:22  Gateway x2  
  46  4:25  Probe  
  46  4:27  Probe  
  46  4:31  Immortal  
  51  4:37  Probe  
  52  4:38  Pylon  
  52  4:41  Probe  
  52  4:43  Assimilator  
  53  4:46  Assimilator  
  53  4:49  Probe  
  53  4:52  Probe  
  54  4:59  Protoss Ground Weapons Level 1  
  55  5:00  Probe  
  55  5:01  Probe  
  55  5:02  Pylon  
  55  5:06  Zealot  
  59  5:11  Warp Prism  
  59  5:12  Probe  
  62  5:16  Pylon  
  62  5:19  Charge  
  62  5:20  Probe  
  63  5:24  Dark Shrine  
  63  5:30  Gateway  
  63  5:36  Pylon  
  63  5:47  Zealot  
  63  5:48  Zealot x2  
  69  5:52  Observer  
  70  6:05  Nexus, Probe x2  
  70  6:06  Pylon  
  72  6:13  Stalker x2  
  72  6:17  Probe  
  77  6:22  Immortal  
  81  6:31  Probe  
  82  6:41  Dark Templar x4  
  90  6:47  Probe  
  90  6:49  Shield Battery  
  90  6:50  Pylon  
  91  6:58  Protoss Ground Weapons Level 2  
  91  6:59  Probe  
  91  7:00  Probe  
  93  7:09  Immortal  
  93  7:11  Archon, Pylon  
  93  7:12  Archon  
  93  7:13  Probe  
  93  7:15  Pylon  
  98  7:24  Probe  
  98  7:26  Probe x2  
  101  7:36  Probe  
  102  7:38  Probe, Immortal  
  102  7:39  Probe  
  104  7:47  Gateway, Dark Templar  
  104  7:48  Gateway, Probe  
  104  7:51  Probe  
  112  7:57  Shield Battery  
  113  7:59  Shield Battery  
  113  8:01  Dark Templar  
  114  8:14  Immortal  
  114  8:16  Dark Templar x2  
  122  8:20  Gateway  
  122  8:22  Gateway  
  122  8:24  Gateway  
  122  8:26  Pylon  
  120  8:27  Archon, Pylon  
  120  8:30  Zealot  
  120  8:33  Pylon  
  122  8:36  Probe  
  122  8:37  Pylon  
  122  8:40  Pylon  
  121  8:46  Immortal, Stalker  
  115  8:50  Stalker x3  
  125  9:02  Assimilator  
  123  9:03  Assimilator  
  109  9:12  Zealot  
  109  9:15  Zealot x3  
  107  9:20  Probe  
Show
View Real Time Build Order
Export as new Build Order

SouLeer Zerg 

Build Orders: Hatch First 

Get SALT Encoding   

  12  0:01  Drone  
  13  0:12  Overlord  
  13  0:16  Drone  
  14  0:30  Drone x2  
  16  0:46  Drone  
  17  0:54  Hatchery  
  17  0:55  Drone  
  17  0:59  Drone  
  17  1:04  Extractor  
  17  1:15  Spawning Pool  
  17  1:18  Drone  
  17  1:23  Drone  
  18  1:28  Drone  
  19  1:38  Overlord  
  19  2:01  Queen  
  19  2:02  Zergling x4  
  19  2:04  Metabolic Boost  
  19  2:06  Queen  
  25  2:10  Zergling x2  
  26  2:17  Zergling x2  
  26  2:18  Zergling x2  
  26  2:22  Zergling x2  
  29  2:28  Zergling x2  
  30  2:33  Zergling x2  
  31  2:39  Zergling x2  
  32  2:48  Drone  
  33  2:52  Drone  
  33  2:55  Hatchery  
  33  3:03  Drone x2  
  34  3:08  Drone  
  34  3:11  Overlord  
  33  3:17  Drone  
  33  3:18  Drone  
  34  3:25  Drone x2  
  35  3:32  Drone x2  
  36  3:35  Overlord  
  36  3:40  Overlord  
  36  3:51  Overlord  
  36  3:53  Lair  
  36  4:05  Drone x6  
  36  4:08  Drone  
  36  4:09  Drone  
  43  4:12  Drone  
  43  4:16  Drone x2  
  45  4:19  Drone  
  46  4:28  Extractor  
  46  4:29  Extractor  
  46  4:30  Drone x2  
  46  4:31  Roach Warren  
  45  4:36  Queen  
  45  4:38  Zergling x4  
  49  4:41  Zergling x4  
  49  4:45  Drone x2  
  53  5:05  Overseer  
  53  5:07  Overlord  
  53  5:12  Roach x6  
  64  5:17  Overlord  
  64  5:18  Overlord  
  64  5:19  Glial Reconstitution  
  64  5:26  Roach x3  
  64  5:27  Roach  
  72  5:30  Overlord  
  72  5:31  Overlord  
  72  5:37  Roach x3  
  72  5:42  Roach x2  
  82  5:45  Roach  
  82  5:49  Roach x2  
  88  5:53  Overlord  
  88  5:56  Roach  
  88  5:57  Roach  
  92  5:59  Roach  
  93  6:05  Zergling x8  
  93  6:09  Zergling x2  
  93  6:10  Zergling x4  
  100  6:12  Zergling x2  
  100  6:17  Ravager x2  
  100  6:18  Zergling x4  
  105  6:19  Overlord  
  105  6:25  Overlord  
  105  6:30  Overlord  
  105  6:31  Overlord  
  104  6:33  Overlord  
  104  6:41  Ravager  
  104  6:42  Ravager  
  104  6:44  Overlord  
  104  6:45  Roach x3  
  112  6:47  Roach  
  112  6:52  Roach x2  
  118  6:58  Drone x4  
  117  7:06  Extractor, Drone x3  
  119  7:15  Overlord  
  119  7:18  Nydus Network  
  110  7:36  Roach x7  
  124  7:41  Overseer  
  124  7:42  Roach  
  126  7:52  Roach x3  
  126  7:56  Zergling x8  
  136  8:03  Overseer  
  136  8:05  Roach x2  
  140  8:10  Zergling x6  
  140  8:16  Roach x2  
  140  8:19  Ravager x2  
  146  8:22  Overseer  
  144  8:27  Zergling x2  
  144  8:28  Zergling x10  
  144  8:29  Nydus Canal  
  147  8:46  Roach x6  
  147  8:48  Overseer  
  147  8:51  Roach  
  146  8:55  Zergling x2  
  146  8:56  Zergling x4  
  146  9:00  Roach  
  143  9:07  Roach x2  
  117  9:10  Roach  
Tags
 
Add a new tag
Caveats
  • Supply blocks, unpowered buildings, or Contaminate may cause inaccurate times.
  • Supply counts are checked every 10 seconds.